 Dungeon Crawl Stone Soup version 0.31.0-32-g396128a36d (webtiles) character file.

Game seed: 13996553500142384313

1551 spaghetti the Grappler (level 8, -16/93 HPs)
             Began as a Naga Chaos Knight on Mar 15, 2024.
             Was a Plaything of Xom.
             Demolished by a sun demon (21 damage)
             ... summoned by Xom
             ... on level 6 of the Dungeon.
             The game lasted 00:07:22 (5921 turns).

spaghetti the Grappler (Naga Chaos Knight)          Turns: 5921, Time: 00:07:22

Health: -16/93     AC: 15    Str: 17    XL:     8   Next: 88%
Magic:  0/8        EV:  5    Int: 18    God:    Xom [*.....]
Gold:   99         SH:  0    Dex:  9    Spells: 7/7 levels left

rFire   + .          .
                       - Unarmed
rCold   . . .        (no shield)
rNeg    . . .        d - +1 chain mail of Wobybbel {Slay+6}
rPois   +            s - +1 helmet
rElec   .            q - +0 cloak
rCorr   .            o - +0 pair of gloves
SInv    +            (no barding)
Will    +....        g - amulet of guardian spirit Stlth
                     (no ring)
HPRegen 0.35/turn    (no ring)
MPRegen 0.11/turn

%: clarity, guardian spirit
@: very slow
A: AC +2, large, see invisible, deformed body, poison resistance, slowness 2,
spit poison 1, naga tail 1, iridescent scales 1, clarity, clever 1, fire
resistance 1, robust 2, shaggy fur 1, strong 1, no potion heal 1, MP-powered
wands
a: Spit Poison, Renounce Religion


You were on level 6 of the Dungeon.
You worshipped Xom.
You were a special plaything of Xom.
You visited 1 branch of the dungeon, and saw 7 of its levels.

You collected 297 gold pieces.
You spent 198 gold pieces at shops.

Inventory:

Armour
 d - the +1 chain mail of Wobybbel (worn) {Slay+6}
   (You found it on level 2 of the Dungeon)

   Slay+6:    It affects your accuracy & damage with ranged weapons and melee
   (+6).
 o - a +0 pair of gloves (worn)
 q - a +0 cloak (worn)
 s - a +1 helmet (worn)
Jewellery
 g - an amulet of guardian spirit (around neck)
Wands
 l - a wand of mindburst (30)
 m - a wand of flame (2)
Scrolls
 a - a scroll of revelation
 e - a scroll of amnesia
 f - a scroll of fear
 h - 2 scrolls of brand weapon
 j - 2 scrolls of enchant weapon
 n - a scroll of blinking
 p - 2 scrolls of immolation
 t - a scroll of vulnerability
Potions
 b - a potion of degeneration {unknown}
 c - a potion of haste {unknown}
 i - a potion of heal wounds
 k - a potion of mutation {unknown}


   Skills:
 + Level 6.8 Fighting
 - Level 1.5 Armour
 - Level 0.7 Dodging
 * Level 9.5 Unarmed Combat


You had 7 spell levels left.
You didn't know any spells.
Your spell library contained the following spells:

 Spells                   Type           Power      Damage    Failure   Level
 Sandblast                Erth           0%         2d4       94%         1
 Call Imp                 Summ           0%         N/A       98%         2
 Sublimation of Blood     Necr           0%         N/A       98%         2
 Passwall                 Erth           0%         N/A       100%        3
 Stone Arrow              Conj/Erth      0%         3d7       100%        3
 Volatile Blastmotes      Fire/Tloc      0%         2d10      100%        3
 Brom's Barrelling Bould  Conj/Erth      0%         2d3       100%        4
 Fulminant Prism          Conj/Alch      0%         3d5       100%        4
 Iskenderun's Mystic Bla  Conj/Tloc      0%         2d3       100%        4
 Summon Hydra             Summ           0%         N/A       100%        7


Dungeon Overview and Level Annotations

Branches:
Dungeon (7/15)             Temple (0/1) D:6

Altars:
Cheibriados
Dithmenos
Elyvilon
Gozag
Kikubaaqudgha
Uskayaw
Vehumet
Yredelemnul
Zin

Shops:
D:5 [

Annotations:
D:7 Prince Ribbit


Innate Abilities, Weirdness & Mutations

Your serpentine skin is tough. (AC +2)
You have supernaturally acute eyesight. (SInv)
Armour fits poorly on your strangely shaped body.
Your system is resistant to poisons. (rPois)
You cover ground very slowly.
You can spit poison.
You have a snake-like lower body.
You are partially covered in iridescent scales. (AC +2)
You possess an exceptional clarity of mind.
Your mind is acute. (Int +4, Str/Dex -1)
Your flesh is heat resistant. (rF+)
You are very robust. (+20% HP)
You are covered in fur. (AC +1)
Your muscles are strong. (Str +4, Int/Dex -1)
Potions are less effective at restoring your health.
You expend magic power (3 MP) to strengthen your wands.


Message History

You hit the orc warrior.
The orc warrior is severely wounded.
The orc warrior hits you with a +0 scimitar.
* * * LOW HITPOINT WARNING * * *
You hit the orc warrior but do no damage.
You punch the orc warrior, but do no damage.
The orc warrior is severely wounded.
The orc warrior hits you with a +0 scimitar.
* * * LOW HITPOINT WARNING * * *
You barely miss the orc warrior.
The orc warrior is severely wounded.
You pummel the orc warrior!!
You kill the orc warrior!
You start resting. "Time to have some fun!"
There are monsters nearby!
You can't go down here!
You can't go down here!
You can't go up here!
You can't go down here!
You aren't carrying any weapons that can be branded.
Things that are here:
a +0 scimitar; a +0 plate armour; an orc corpse The sun demon attacks as it pursues you!
The sun demon hits you.
You are engulfed in flames.
You resist.
* * * LOW HITPOINT WARNING * * *
The white imp hits you but does no damage.
The sun demon barely misses you. The white imp gestures at you.
The puff of frost hits you.
* * * LOW HITPOINT WARNING * * *
The shadow imp sputters.
The sun demon attacks as it pursues you!
The sun demon hits you!
* * * LOW HITPOINT WARNING * * *
You are engulfed in flames!
You resist.
* * * LOW HITPOINT WARNING * * *
The sun demon hits you!!
You die...
Xom snickers!

..........###.....########.....##
.......##...##.....#...##.....##
.##......).............##.....#
.##...........#...............#
..............##..............#
..............##..............#
.............)...............##
....^........5.5...>...##...##
.........#..))53@......##.###
...≈.8.≈.......5##.....##..#
...≈...≈..##...............#
...≈≈.≈≈...#..###.........##
#..≈≈.≈≈......###.....##...#
...≈≈.≈≈....##.##........."#
##.≈≈_≈≈..#.....#..##....###
##.≈≈≈≈≈..##....######....#
....≈≈≈..........## ###.##


You could see a sun demon (summoned), an iron imp (summoned), a crimson imp
(summoned), a white imp (summoned) and a shadow imp (summoned).

Vanquished Creatures
  Edmund (D:5)
  2 water moccasins (D:6)
  An orc warrior (D:6)
  2 black bears (D:6)
  An ice beast (D:6)
  2 ogres
  A bullfrog (D:6)
  2 bombardier beetles (D:5)
  2 hounds (D:6)
  A gnoll bouda (D:5)
  2 jellies
  A sleepcap (D:6)
  2 iguanas (D:5)
  4 orc wizards (D:5)
  Robin (D:2)
  4 gnolls (D:4)
  5 adders
  A river rat (D:3)
  A shadow imp (D:5)
  2 dart slugs
  2 ribbon worms
  18 orcs
  13 ball pythons
  8 endoplasms
  3 giant cockroaches
  14 goblins
  10 hobgoblins
  2 jackals (D:3)
  6 kobolds (D:1)
  4 quokkas
  12 bats
  3 frilled lizards
  7 rats
140 creatures vanquished.

Notes
Turn   | Place    | Note
-------+----------+-------------------------------------------
     0 | D:1      | spaghetti the Naga Chaos Knight began the quest for the
                  | Orb.
     0 | D:1      | Reached XP level 1. HP: 21/21 MP: 1/1
    20 | D:1      | XOM: silly message
   140 | D:1      | XOM: silly message
   148 | D:1      | Reached XP level 2. HP: 27/28 MP: 2/2
   250 | D:1      | XOM: 1-stop teleportation journey
   559 | D:1      | Reached skill level 4 in Unarmed Combat
   633 | D:1      | Reached XP level 3. HP: 34/34 MP: 3/3
   903 | D:1      | XOM: give mutations
   903 | D:1      | Gained mutation: You are robust. (+10% HP) [Xom's grace]
   903 | D:1      | Gained mutation: You expend magic power (3 MP) to
                  | strengthen your wands. [Xom's grace]
   903 | D:1      | Gained mutation: You are very robust. (+20% HP) [Xom's
                  | grace]
   903 | D:1      | Gained mutation: Your mind is acute. (Int +4, Str/Dex -1)
                  | [Xom's grace]
  1066 | D:2      | XOM is BORED!
  1066 | D:2      | XOM: noise
  1075 | D:2      | Reached XP level 4. HP: 35/47 MP: 4/4
  1078 | D:2      | XOM: chaos upgrade
  1079 | D:2      | Identified the +1 chain mail of Wobybbel {Slay+6}
  1318 | D:2      | Found a glowing silver altar of Zin.
  1361 | D:2      | Noticed Robin
  1408 | D:2      | Killed Robin
  1714 | D:3      | Reached skill level 5 in Unarmed Combat
  1726 | D:3      | Found an opulent altar of Gozag.
  1726 | D:3      | Found a snail-covered altar of Cheibriados.
  1734 | D:3      | Found a faded altar of an unknown god.
  1736 | D:3      | Found a radiant altar of Vehumet.
  1738 | D:3      | Found a faded altar of an unknown god.
  1774 | D:3      | XOM: 2-stop teleportation journey
  1816 | D:3      | Found a white marble altar of Elyvilon.
  1822 | D:3      | Reached XP level 5. HP: 60/60 MP: 5/5
  1964 | D:3      | Found a basalt altar of Yredelemnul.
  2104 | D:3      | XOM: silly message
  2111 | D:3      | XOM: 1-stop teleportation journey
  2138 | D:3      | XOM: give mutations
  2138 | D:3      | Gained mutation: Potions are less effective at restoring
                  | your health. [Xom's mischief]
  2138 | D:3      | Lost mutation: Your mind is acute. (Int +4, Str/Dex -1)
                  | [Xom's mischief]
  2138 | D:3      | Gained mutation: You are covered in fur. (AC +1) [Xom's
                  | mischief]
  2727 | D:4      | Noticed an ogre
  2733 | D:4      | Killed an ogre
  2734 | D:4      | Reached XP level 6. HP: 37/68 MP: 3/6
  3195 | D:4      | Found a shadowy altar of Dithmenos.
  3203 | D:4      | Reached skill level 6 in Unarmed Combat
  3351 | D:4      | XOM: give mutations
  3351 | D:4      | Gained mutation: Your muscles are strong. (Str +4, Int/Dex
                  | -1) [Xom's grace]
  3351 | D:4      | Gained mutation: Your flesh is heat resistant. (rF+) [Xom's
                  | grace]
  3351 | D:4      | Gained mutation: You possess an exceptional clarity of
                  | mind. [Xom's grace]
  3615 | D:4      | XOM: give mutations
  3615 | D:4      | Gained mutation: Your mind is acute. (Int +4, Str/Dex -1)
                  | [Xom's grace]
  3615 | D:4      | Gained mutation: You are partially covered in iridescent
                  | scales. (AC +2) [Xom's grace]
  3854 | D:5      | XOM: stealth player
  3854 | D:5      | Entered Level 5 of the Dungeon
  3938 | D:5      | Noticed Edmund
  3939 | D:5      | XOM: scenery: summon butterflies
  3947 | D:5      | HP: 2/69 [Edmund/+1 flail of holy wrath (9)]
  4213 | D:5      | XOM: potion effect (might)
  4220 | D:5      | Reached XP level 7. HP: 74/79 MP: 7/7
  4264 | D:5      | Reached skill level 5 in Fighting
  4307 | D:5      | Killed Edmund
  4308 | D:5      | Reached skill level 7 in Unarmed Combat
  4513 | D:5      | XOM: summons 1 hostile demon
  4557 | D:5      | XOM: summons 4 hostile demons
  4653 | D:5      | XOM: 1-stop teleportation journey
  4734 | D:5      | Found Suqid's Antique Armour Emporium.
  4768 | D:5      | Bought a pair of gloves for 99 gold pieces
  4768 | D:5      | Bought a cloak for 99 gold pieces
  5183 | D:5      | XOM: noise
  5383 | D:6      | Found a hide-covered altar of Uskayaw.
  5392 | D:6      | XOM: enchant monster (bad)
  5465 | D:6      | Reached skill level 8 in Unarmed Combat
  5465 | D:6      | Reached XP level 8. HP: 89/91 MP: 8/8
  5475 | D:6      | XOM: potion effect (invisibility)
  5546 | D:6      | Reached skill level 9 in Unarmed Combat
  5554 | D:6      | XOM: silly message
  5623 | D:6      | Found a staircase to the Ecumenical Temple.
  5864 | D:7      | Found an ancient bone altar of Kikubaaqudgha.
  5867 | D:7      | Noticed Prince Ribbit
  5884 | D:6      | XOM: repel stairs
  5917 | D:6      | XOM: summons 5 hostile demons
  5918 | D:6      | Noticed a sun demon
  5921 | D:6      | Demolished by a sun demon

Illustrated notes

Levels and vault maps discovered:
D:1:      wander_arrival_peaceful_grave, layout_loops_corners
D:2:      layout_rooms, basic_altar, uniq_robin
D:3:      layout_loops_corners, kennysheep_ying_yang,
          chequers_temple_overflow_minitemple, portal_sewer_entry_e,
          kennysheep_boxes
D:4:      wad_pebble_path, layout_basic, grunt_dithmenos_smoke
D:5:      layout_cave_pods, nicolae_stop_n_shop_2, minmay_misc_feat_hallway,
          minmay_misc_feat_alley, uniq_edmund
D:6:      layout_cave_pools, mainiacjoe_overflow_catwalk,
          minmay_temple_entry_stoned_glass
D:7:      layout_rooms, mainiacjoe_overflow_alcove_1, tgw_sif,
          mainiacjoe_overflow_concentric_impassable, lemuel_round_altar,
          uniq_prince_ribbit1

Skill      XL: |  1  2  3  4  5  6  7  8 |
---------------+-------------------------+-----
Unarmed Combat | 4 5 6 8 9 |  9.5
Fighting       | 4 5 6 |  6.8
Armour         | |  1.5
Dodging        | |  0.7

Action                     |  1- 3 |  4- 6 |  7- 9 || total
---------------------------+-------+-------+-------++-------
  Melee: Unarmed           |   126 |   159 |   126 ||   411
         Punch             |     2 |     5 |    11 ||    18
Ability: Spit Poison       |     5 |     3 |     1 ||     9
  Evoke: Wand              |       |     6 |       ||     6
    Use: Scroll            |     3 |     5 |     4 ||    12
         Potion            |     1 |     2 |       ||     3
   Stab: Invisible         |       |       |     1 ||     1
 Armour: Leather armour    |   101 |       |       ||   101
         Chain mail        |       |   153 |   123 ||   276
         Skin              |       |    14 |       ||    14
  Dodge: Dodged            |    76 |    31 |    32 ||   139
